 Dungeon Crawl Stone Soup version 0.30-a0-908-g5a111fc481 (webtiles) character file.

Game seed: 12058312854655957117

1235 Flugkiller the Magician (level 8, -3/59 HPs)
             Began as a Djinni Gladiator on Mar 19, 2023.
             Was an Initiate of Elyvilon.
             Slain by a steam dragon (4 damage)
             ... on level 4 of the Dungeon.
             The game lasted 00:08:16 (5117 turns).

Flugkiller the Magician (Djinni Gladiator)          Turns: 5117, Time: 00:08:17

Health: -3/59      AC:  4    Str: 13    XL:     8   Next: 77%
Gold:   227        EV: 13    Int: 13    God:    Elyvilon [......] SH:  0 Dex: 14

rFire   + + .      SeeInvis .    a - +1 long sword
rCold   x . .      Faith    .    (no shield)
rNeg    + . .      Spirit   .    b - +0 leather armour
rPois   ∞          Reflect  .    c - +0 helmet
rElec   .          Rampage  .    (no cloak)
rCorr   .                        (no gloves)
Will    .....                    (boots unavailable)
Stlth   +                        (no amulet)
HPRegen 0.29/turn                h - ring of positive energy
MPRegen 0.00/turn                (no ring)

@: flying
A: sickness immunity, fire resistance 2, cold vulnerability 1, float, innate
caster, HP casting, extra vitality 1
a: Renounce Religion


You were on level 4 of the Dungeon.
You worshipped Elyvilon.
Elyvilon was noncommittal.
You visited 1 branch of the dungeon, and saw 4 of its levels.
You also visited: Sewer.

You collected 227 gold pieces.

Inventory:

Hand Weapons
 a - a +1 long sword (weapon)
 D - a +2 dagger of electrocution
   (You took it off Robin on level 3 of the Dungeon)
Missiles
 d - 4 throwing nets (quivered)
 e - a javelin
 k - 2 curare-tipped darts
Armour
 b - a +0 leather armour (worn)
 c - a +0 helmet (worn)
Jewellery
 h - a ring of positive energy (left hand)
   (You found it on level 1 of the Dungeon)
Wands
 n - a wand of polymorph (7)
   (You took it off Terence on level 3 of the Dungeon)
Scrolls
 j - a scroll of fog
 m - a scroll of immolation {unknown}
 t - 4 scrolls of teleportation
 u - 3 scrolls of enchant weapon
 v - a scroll of fear {unknown}
 w - a scroll of enchant armour {unknown}
 x - 2 scrolls of magic mapping
 y - 3 scrolls of butterflies
 B - a scroll of poison
 C - a scroll of blinking {unknown}
Potions
 f - a potion of ambrosia {unknown}
 g - a potion of resistance {unknown}
 i - 2 potions of lignification
 l - 2 potions of invisibility {unknown}
 o - 2 potions of cancellation
 q - 3 potions of curing
 s - a potion of flight {unknown}
 z - 2 potions of brilliance {unknown}
 A - 2 potions of haste {unknown}
 E - a potion of mutation {unknown}


   Skills:
 + Level 5.3 Fighting
 - Level 4.0 Long Blades
 - Level 1.5 Throwing
 - Level 4.0 Dodging
 + Level 5.7 Spellcasting


You knew the following spells:

 Your Spells              Type           Power      Damage    Failure   Level
a - Summon Small Mammal   Summ           72%        N/A       2%          1
b - Call Imp              Summ           18%        N/A       3%          2
c - Kindle Blastsparks    Fire/Tloc/Air  36%        2d13      6%          3
Your spell library was empty.

Dungeon Overview and Level Annotations

Branches:
Dungeon (4/15) Zot: 19740  Temple (0/1) D:4           Sewer (visited)

Altars:
Elyvilon
Fedhas


Innate Abilities, Weirdness & Mutations

You are immune to sickness and miasma.
You are immune to poison.
Your flesh is very heat resistant. (rF++)
You are vulnerable to cold. (rC-)
You float through the air rather than walking.
You learn spells naturally, not from books.
Your magical power is your life essence.
You have superior vitality. (+4 MHP)


Message History

There is a web here.
A ball python comes into view.
Found a staircase to the Ecumenical Temple.
A ball python is nearby!
A ball python is nearby!
The ball python hisses angrily.
The ball python bites you but does no damage.
The ball python completely misses you.
You barely miss the ball python.
The ball python bites you but does no damage.
The ball python barely misses you.
You hit the ball python.
You kill the ball python!
There is a staircase to the Ecumenical Temple here.
You see here a ball python corpse.
No target in view!
A steam dragon comes into view.
A steam dragon is nearby!
A steam dragon is nearby!
There is a dry fountain here.
Casting: Summon Small Mammal (safe; 2% risk of failure)
Confirm with . or Enter, or press ? or * to list all spells.
The steam dragon hisses angrily.
The steam dragon breathes steam at you. The ball of steam hits you. You resist.
The steam dragon bites you!
The steam dragon claws you but does no damage.
You closely miss the steam dragon.
Your bat hits the steam dragon but does no damage.
The steam dragon bites you. The steam dragon barely misses you.
Your bat barely misses the steam dragon.
The steam dragon breathes steam at you. The ball of steam hits you. You resist.
You hit the steam dragon.
The steam dragon is lightly wounded.
Your bat is engulfed in a cloud of scalding steam.
Your bat hits the steam dragon.
Your bat is engulfed in a cloud of scalding steam.
Your bat dies!
Your bat's corpse disappears in a puff of smoke!
The steam dragon closely misses you. The steam dragon claws you.
You hit the steam dragon.
The steam dragon is moderately wounded.
The steam dragon bites you but does no damage.
The steam dragon barely misses you.
You slash the steam dragon!
The steam dragon is heavily wounded.
The steam dragon closely misses you.
The steam dragon claws you but does no damage.
You hit the steam dragon.
The steam dragon is severely wounded.
The steam dragon misses you. The steam dragon claws you.
Casting: Summon Small Mammal (safe; 2% risk of failure)
Confirm with . or Enter, or press ? or * to list all spells.
The steam dragon breathes steam at you. The ball of steam hits you. You resist.
You hit the steam dragon.
The steam dragon is severely wounded.
The steam dragon bites you. The steam dragon barely misses you.
The steam dragon bites you! The steam dragon claws you.
You closely miss the steam dragon.
The steam dragon is severely wounded.
Your quokka is engulfed in a cloud of scalding steam.
Your quokka dies!
Your quokka's corpse disappears in a puff of smoke!
The steam dragon closely misses you. x2
You hit the steam dragon but do no damage.
The steam dragon is severely wounded.
The steam dragon bites you. The steam dragon claws you.
You closely miss the steam dragon.
The steam dragon is severely wounded.
The steam dragon bites you but does no damage.
The steam dragon claws you.
You closely miss the steam dragon.
The steam dragon is severely wounded.
The steam dragon breathes steam at you. The ball of steam hits you. You resist.
* * * LOW HITPOINT WARNING * * *
Okay, then.
Casting: Summon Small Mammal (safe; 2% risk of failure)
Confirm with . or Enter, or press ? or * to list all spells.
* * * LOW HITPOINT WARNING * * *
The steam dragon bites you!
* * * LOW HITPOINT WARNING * * *
The steam dragon claws you but does no damage.
You feel better. The steam dragon bites you.
* * * LOW HITPOINT WARNING * * *
The steam dragon claws you but does no damage.
Your quokka bites the steam dragon but does no damage.
You feel better. The steam dragon barely misses you.
The steam dragon claws you.
* * * LOW HITPOINT WARNING * * *
Your quokka closely misses the steam dragon.
Okay, then.
You hit the steam dragon but do no damage.
The steam dragon is severely wounded.
The steam dragon bites you!
* * * LOW HITPOINT WARNING * * *
The steam dragon claws you.
You die...

# #.# #................# #
#####.# ######.########..#
###.....#########...........#
..................########..#
######......#...#.# #..#
.....#.###.##.#...# #..#
.....#.# #.###############..#
.....'.# #.# #...#...#....#
.....#.# #.# #@Dr#.⌠.####.#
######.# #.#. #§.§#...# #.#
.......# #.##. ##.###.## #.#
......## #.#...#...#...####.#
.####.# #.#.⌠...⌠...>.#....#
.# #.# #.#...#...#...####.#
.# #.# #.######.###.## #.##
.# #.# #.# #...#...####..##
.# #.# #.# ...⌠.#.⌠........#


You could see a steam dragon (ally target) and a friendly quokka (summoned).

Vanquished Creatures
  2 bullfrogs (Sewer)
  8 scorpions (D:4)
  Natasha (D:3)
  6 adders
  A gnoll (D:4)
  2 river rats (Sewer)
  2 worms
  4 bats (D:4)
  3 endoplasms
  5 giant cockroaches
  11 goblins
  10 hobgoblins
  7 jackals
  6 kobolds
  3 quokkas
  10 ball pythons
  6 frilled lizards
  11 rats
98 creatures vanquished.

Vanquished Creatures (collateral kills)
  2 ogres (D:4)
  Natasha (twice) (D:3)
  Terence (D:3)
  Robin (D:3)
  3 gnolls (D:4)
  9 adders
  3 river rats (Sewer)
  An orc (D:4)
  A bat (D:3)
  An endoplasm (Sewer)
  9 goblins
  2 hobgoblins (D:3)
  A jackal (D:3)
  8 ball pythons
  A frilled lizard (D:3)
  23 rats
68 creatures vanquished.

Grand Total: 166 creatures vanquished

Notes
Turn   | Place    | Note
-------+----------+-------------------------------------------
     0 | D:1      | Flugkiller the Djinni Gladiator began the quest for the
                  | Orb.
     0 | D:1      | Reached XP level 1. HP: 18/18 MP: 0/0
   235 | D:1      | Reached XP level 2. HP: 24/24 MP: 0/0
   796 | D:2      | Reached XP level 3. HP: 30/30 MP: 0/0
   796 | D:2      | Learned a level 1 spell: Summon Small Mammal
  1057 | D:2      | Reached skill level 1 in Spellcasting
  1705 | D:3      | Reached XP level 4. HP: 33/35 MP: 0/0
  1730 | D:3      | Noticed Terence
  1748 | D:3      | Killed Terence
  1768 | D:3      | Found a glowing drain.
  1850 | Sewer    | Entered a sewer
  1899 | Sewer    | Reached XP level 5. HP: 24/40 MP: 0/0
  1899 | Sewer    | Learned a level 2 spell: Call Imp
  2370 | Sewer    | Reached XP level 6. HP: 8/46 MP: 0/0
  2598 | Sewer    | Reached XP level 7. HP: 12/52 MP: 0/0
  2598 | Sewer    | Learned a level 3 spell: Kindle Blastsparks
  3049 | D:3      | Noticed Robin
  3095 | D:3      | Killed Robin
  3242 | D:3      | Noticed Natasha
  3248 | D:3      | Killed Natasha
  3270 | D:3      | Noticed Natasha
  3282 | D:3      | Killed Natasha
  3353 | D:3      | Noticed Natasha
  3361 | D:3      | Killed Natasha
  4185 | D:4      | Found a white marble altar of Elyvilon.
  4258 | D:4      | Reached XP level 8. HP: 50/58 MP: 0/0
  4444 | D:4      | Became a worshipper of Elyvilon the Healer
  4504 | D:4      | Reached skill level 5 in Spellcasting
  4629 | D:4      | Found a blossoming altar of Fedhas.
  4877 | D:4      | Reached skill level 5 in Fighting
  5083 | D:4      | Found a staircase to the Ecumenical Temple.
  5117 | D:4      | HP: 1/59 [steam dragon (7)]
  5117 | D:4      | Slain by a steam dragon

Illustrated notes

Levels and vault maps discovered:
D:1:      lightli_arrival_chessboard, layout_basic
D:2:      layout_basic
D:3:      layout_basic, portal_sewer_entry_f, minmay_unequal, uniq_robin,
          uniq_terence, uniq_natasha
D:4:      old_forge, layout_loops_ring, amcnicky_altar_gilded,
          nicolae_overflow_hidden_temple, mainiacjoe_overflow_alcove_2,
          minmay_temple_entry_nine_rooms, st_stairs_7, nrook_mini_vaults

Skill      XL: |  1  2  3  4  5  6  7  8 |
---------------+-------------------------+-----
Fighting       | 3 4 5 |  5.3
Long Blades    | 3 4 |  4.0
Spellcasting   | 1 2 3 4 5 |  5.7
Dodging        | 4 |  4.0
Throwing       | |  1.5

Action                     |  1- 3 |  4- 6 |  7- 9 || total
---------------------------+-------+-------+-------++-------
  Melee: Long sword        |   125 |    77 |   148 ||   350
         Unarmed           |       |    10 |       ||    10
   Cast: Summon Small Mamm |     7 |    19 |     7 ||    33
         Call Imp          |       |    23 |    47 ||    70
    Use: Scroll            |       |     4 |     7 ||    11
         Potion            |       |     2 |     2 ||     4
   Stab: Sleeping          |     1 |       |     2 ||     3
         Distracted        |       |     1 |       ||     1
         Held in net/web   |       |       |     2 ||     2
 Armour: Leather armour    |    40 |    53 |    45 ||   138
         Skin              |       |    15 |       ||    15
  Dodge: Dodged            |    91 |   153 |   122 ||   366

Table legend: (Time is in decaauts)
 A = Elapsed time spent in this place.
 B = Non-inter-level travel time spent in this place.
 C = Inter-level travel time spent in this place.
 D = Time resting spent in this place.
 E = Time spent auto-exploring this place.
 F = Levels seen in this place.
 G = Mean time per level.
                   A        B        C        D        E       F      G
               +--------+--------+--------+--------+--------+-----+--------+
         Total |   5197 |   5164 |     33 |   1142 |   2445 |   5 | 1039.4 |
       Dungeon |   4257 |   4224 |     33 |    651 |   2312 |   4 | 1064.2 |
         Sewer |    940 |    940 |      0 |    491 |    133 |   1 |  940.0 |
               +--------+--------+--------+--------+--------+-----+--------+

Top non-repeatable levels by time:
     D:4: 1490 daAuts
     D:3: 1036 daAuts
     D:2: 1022 daAuts
   Sewer: 940 daAuts
     D:1: 707 daAuts
